 Dungeon Crawl Stone Soup version 0.23.0-3-gf3c87f2 (webtiles) character file.

Game seed: 11055651009358948465

52 xccam the Chopper (level 4, -7/33 HPs)
             Began as a Formicid Gladiator on Feb 20, 2019.
             Mangled by a gnoll
             ... wielding a +0 halberd
              (10 damage)
             ... on level 2 of the Dungeon.
             The game lasted 00:04:39 (1052 turns).

xccam the Chopper (Formicid Gladiator)              Turns: 1052, Time: 00:04:40

Health: -7/33      AC:  6    Str: 20    XL:     4   Next: 8%
Magic:  4/4        EV: 11    Int: 12    God:
Gold:   56         SH:  0    Dex: 12    Spells: 3/3 levels left

rFire    . . .     SeeInvis +   a - +1 war axe
rCold    . . .     Gourm    .   (no shield)
rNeg     . . .     Faith    .   m - +0 ring mail
rPois    .         Spirit   .   (helmet unavailable)
rElec    .         Reflect  .   h - +0 cloak
rCorr    .         Harm     .   (no gloves)
MR       .....                  (no boots)
Stlth    +.........             (no amulet)
HPRegen  0.11/turn              (no ring)
MPRegen  0.09/turn              (no ring)

@: brilliant
A: permanent stasis, dig shafts and tunnels, four strong arms, antennae 3
a: Dig, Shaft Self


You were on level 2 of the Dungeon.
You were hungry.

You visited 1 branch of the dungeon, and saw 2 of its levels.

You collected 56 gold pieces.

Inventory:

Hand Weapons
 a - a +1 war axe (weapon)
Missiles
 c - 3 throwing nets (quivered)
Armour
 h - a +0 cloak (worn)
 m - a +0 ring mail (worn)
Scrolls
 e - a scroll of identify
 f - a scroll of amnesia
 j - a scroll of remove curse
Potions
 k - a potion of brilliance
Comestibles
 d - a ration


   Skills:
 - Level 2.1 Fighting
 + Level 4.6 Axes
 - Level 2.0 Throwing
 - Level 2.6 Dodging


You had 3 spell levels left.
You didn't know any spells.
Your spell library was empty.

Dungeon Overview and Level Annotations

Branches:
Dungeon (2/15)

Altars:
Okawaru


Innate Abilities, Weirdness & Mutations

You cannot be hasted, slowed, berserked, paralysed or teleported.
You can dig through walls and to a lower floor.
Your four strong arms can wield two-handed weapons with a shield.
You have a pair of large antennae on your head. (SInv)


Message History

The gnoll hits you but does no damage. The gnoll hits you but does no damage.
The gnoll completely misses you.
The gnoll hits you from afar with a +0 spear.
* * * LOW HITPOINT WARNING * * *
The gnoll hits you but does no damage. The gnoll hits you but does no damage.
The gnoll hits you but does no damage. The gnoll hits you but does no damage.
You feel less wooden.
Your +0 cloak unmelds from your body.
Your +0 ring mail unmelds from your body.
The gnoll hits you from afar with a +0 spear.
* * * LOW HITPOINT WARNING * * *
The gnoll hits you but does no damage.
The gnoll hits you from afar with a +0 spear.
* * * LOW HITPOINT WARNING * * *
The gnoll closely misses you.
The gnoll hits you from afar with a +0 halberd!
You die...

**** *,**,***,,*#.#
,,,* *.#,** **,##.#
**,****,.#* ##.#.#
**,,,,,,*.#* ##.##.#
,,,,,,,,,*.###..##.#
**,,,,**,**.#)#.##.#
**,,,,*,,,*#g##g##.#
,,,,,,.#.#.#.##.##.#
,,,,,,.....K.gg.@..#
*,,,,,.#.#.#.#######
**,**,*,,.##.*
**,,*,**.#*#.*
*,,,,,,..,,..*
,,,>,,,,,**##*
,,,******* ,,** ,**


You could see 3 gnolls and a kobold.

Vanquished Creatures
  A gnoll (D:2)
  A worm (D:2)
  3 dart slugs (D:1)
  4 bats (D:1)
  A giant cockroach (D:1)
  A goblin (D:1)
  5 hobgoblins
  3 jackals (D:1)
  8 kobolds
  3 frilled lizards
  4 rats
34 creatures vanquished.

Notes
Turn   | Place    | Note
-------+----------+-------------------------------------------
     0 | D:1      | xccam the Formicid Gladiator began the quest for the Orb.
     0 | D:1      | Reached XP level 1. HP: 16/16 MP: 1/1
    54 | D:1      | Reached XP level 2. HP: 16/22 MP: 2/2
   270 | D:1      | Reached skill level 4 in Axes
   270 | D:1      | Reached XP level 3. HP: 20/27 MP: 3/3
   936 | D:2      | Found an iron altar of Okawaru.
  1021 | D:2      | HP: 1/27 [gnoll/+0 spear (1)]
  1024 | D:2      | Reached XP level 4. HP: 7/33 MP: 4/4
  1052 | D:2      | Mangled by a gnoll

Skill      XL: |  1  2 |
---------------+-------+-----
Axes           | 4 |  4.6
Fighting       | |  2.1
Throwing       | |  2.0
Dodging        | |  2.6

Action                   |  1- 3 |  4- 6 || total
-------------------------+-------+-------++-------
Melee: War axe           |    99 |       ||    99
 Abil: Dig               |     1 |       ||     1
  Use: Potion            |     4 |       ||     4
       Scroll            |     1 |     4 ||     5
Armor: Ring mail         |    27 |     1 ||    28
       Leather armour    |     3 |       ||     3
       Skin              |     2 |    18 ||    20
Dodge: Dodged            |    58 |     3 ||    61
